 Dungeon Crawl Stone Soup version 0.30-a0-304-gdc4b735fe1 (webtiles) character file.

Game seed: 1074033412128429691

3559 ryw the Fighter (level 9, -8/76 HPs)
             Began as a Demonspawn Monk on Oct 21, 2022.
             Was a Priest of Dithmenos.
             Mangled by a two-headed ogre
             ... wielding a +0 giant club
              (12 damage)
             ... on level 8 of the Dungeon.
             The game lasted 00:12:53 (6223 turns).

ryw the Fighter (Demonspawn Monk)                   Turns: 6223, Time: 00:12:54

Health: -8/76      AC: 19    Str: 11    XL:     9   Next: 83%
Magic:  17/17      EV:  9    Int: 22    God:    Dithmenos [***...]
Gold:   382        SH:  0    Dex: 16    Spells: 15/19 levels left

rFire   + . .      SeeInvis +    m - +2 trident of the Thing {speed, rF+ rCorr SInv}
rCold   . . .      Faith    +    (no shield)
rNeg    + + .      Spirit   .    p - +4 chain mail
rPois   +          Reflect  .    (helmet restricted)
rElec   .          Harm     .    (no cloak)
rCorr   +          Rampage  .    u - +0 pair of gloves
Will    .....                    (no boots)
Stlth   ..........               n - amulet "Ziemuv" {Faith Contam +Inv rPois rN++}
HPRegen 0.32/turn                i - +6 ring of intelligence
MPRegen 0.15/turn                o - +4 ring of evasion

@: sanguine armoured, wreathed by umbra
A: horns 2, foul stench 2, powered by pain 1, sanguine armour 1
a: Renounce Religion, Evoke Invisibility, Shadow Step


You were on level 8 of the Dungeon.
You worshipped Dithmenos.
Dithmenos was most pleased with you.
You visited 1 branch of the dungeon, and saw 8 of its levels.

You collected 382 gold pieces.

Inventory:

Hand Weapons
 m - the +2 trident of the Thing (weapon) {speed, rF+ rCorr SInv}
   (You found it on level 2 of the Dungeon)

   Attacks with this weapon are significantly faster.
   rF:        It protects you from fire.
   SInv:      It lets you see invisible.
   rCorr:     It protects you from acid and corrosion.
Armour
 a - a +0 robe
 p - a +4 chain mail (worn)
 u - a +0 pair of gloves (worn)
Jewellery
 d - an amulet of the acrobat
 i - a +6 ring of intelligence (left hand)
 j - a ring of positive energy
 n - the amulet "Ziemuv" (around neck) {Faith Contam +Inv rPois rN++}
   (You found it on level 5 of the Dungeon)

   [amulet of faith]

   It allows you to gain divine favour quickly.
   rPois:     It protects you from poison.
   rN:        It greatly protects you from negative energy.
   +Inv:      It lets you turn invisible.
   Contam:    It causes magical contamination when unequipped.
 o - a +4 ring of evasion (right hand)
 t - a ring of wizardry
Wands
 q - a wand of charming (13)
 s - a wand of flame (38)
Scrolls
 h - 4 scrolls of identify
 l - a scroll of amnesia
 v - a scroll of teleportation
Potions
 b - 4 potions of curing
 c - a potion of lignification
 f - a potion of mutation {unknown}
 g - 2 potions of flight
 k - 2 potions of haste {unknown}
 r - a potion of cancellation
 w - a potion of invisibility {unknown}


   Skills:
 + Level 9.2 Fighting
 + Level 7.0 Polearms
 - Level 2.6 Dodging
 - Level 1.7 Stealth
 - Level 2.6 Unarmed Combat
 + Level 5.7 Spellcasting
 + Level 3.2 Summonings
 + Level 3.2 Evocations


You had 15 spell levels left.
You knew the following spells:

 Your Spells              Type           Power      Damage    Failure   Level
a - Summon Lightning Spi  Summ/Air       13%        N/A       100%        4

Your spell library contained the following spells:

 Spells                   Type           Power      Damage    Failure   Level
 Apportation              Tloc           12%        N/A       99%         1
 Ignite Poison            Fire/Tmut/Pois 6%         N/A       100%        3
 Kindle Blastsparks       Fire/Tloc/Air  12%        2d11      100%        3
 Manifold Assault         Tloc           6%         N/A       100%        4
 Alistair's Intoxication  Tmut/Pois      4%         N/A       100%        5
 Freezing Cloud           Conj/Ice/Air   3%         6-21      100%        5
 Summon Forest            Summ/Tloc      6%         N/A       100%        5
 Summon Mana Viper        Hex/Summ       13%        N/A       100%        5
 Dispersal                Tloc           3%         N/A       100%        6
 Summon Cactus Giant      Summ           10%        N/A       100%        6
 Storm Form               Tmut/Air       3%         N/A       100%        7
 Disjunction              Tloc           3%         N/A       100%        8
 Maxwell's Capacitive Co  Air            3%         ∞         100%        8


Dungeon Overview and Level Annotations

Branches:
Dungeon (8/15)             Temple (0/1) D:6
   Lair: D:8-11

Altars:
Dithmenos
Makhleb
Uskayaw
Yredelemnul

Shops:
D:1 :   D:4 (   D:5 ((!:*

Annotations:
D:3 1 runed translucent door
D:7 Dowan, Duvessa


Innate Abilities, Weirdness & Mutations

You have a pair of horns on your head.
You sometimes emit foul miasma when damaged in melee.
You sometimes gain a little power by taking damage.
When seriously injured, your blood forms armour. (AC +6)


Message History

There is a stone staircase leading up here.
You barely miss the two-headed ogre. You headbutt the two-headed ogre.
The two-headed ogre is lightly wounded.
The two-headed ogre hits you with a +0 giant club!!
The two-headed ogre hits you with a +0 giant club!
* * * LOW HITPOINT WARNING * * *
You are too injured to fight recklessly!
You are too injured to fight recklessly!
Unknown command.
You hit the two-headed ogre.
The two-headed ogre is lightly wounded.
Unknown command.
You puncture the two-headed ogre!
The two-headed ogre is moderately wounded.
The two-headed ogre hits you with a +0 giant club!
* * * LOW HITPOINT WARNING * * *
The two-headed ogre hits you but does no damage.
Unknown command.
You feel better.
Unknown command.
You hit the two-headed ogre.
The two-headed ogre is moderately wounded.
The two-headed ogre misses you. The two-headed ogre barely misses you.
Okay, then.
The air fills with toxic fumes!
As you read the scroll of poison, it crumbles to dust.
The two-headed ogre closely misses you.
The two-headed ogre hits you with a +0 giant club!
* * * LOW HITPOINT WARNING * * *
You puncture the two-headed ogre!
Your headbutt misses the two-headed ogre.
The two-headed ogre is moderately wounded.
Unknown command.
You hit the two-headed ogre but do no damage.
The two-headed ogre is moderately wounded.
Unknown command.
You hit the two-headed ogre.
The two-headed ogre is moderately wounded.
The two-headed ogre hits you with a +0 giant club!
You die...

#.#####.####.## #.. #.#
#§§...... ... #.#
##§#.##.## #.# #.#
#§§##.#.# #.#
#.####§§#.##.# #.#
#.....§§##§#.# #.#
####§#####§§§§.§# #.#
...§§§§§§§§§#§§######.####
.##.######@§§§§§§§.......#
#O§#########.##.# #§§#
#.##.# .§§§# #.##.# ..§§§§
#.##.# #.###§#§ #.#... ...
#§#§ #..... .. .§# §
..#... ##)##


You could see a two-headed ogre.

Vanquished Creatures
  A two-headed ogre (D:4)
  Sigmund (D:2)
  3 yaks
  Edmund (D:6)
  2 ice beasts
  2 black bears
  A sky beast (D:8)
  2 ogres
  3 centaurs
  A phantom (D:5)
  A necrophage (D:5)
  3 bullfrogs (D:6)
  3 scorpions
  5 killer bees
  A howler monkey (D:6)
  2 orc priests (D:3)
  2 jellies
  6 iguanas
  Terence (D:3)
  Robin (D:2)
  8 gnolls
  14 adders
  A shadow imp (D:5)
  A worm (D:3)
  8 orcs
  3 bats
  4 endoplasms
  3 giant cockroaches
  3 hobgoblins
  17 jackals
  2 quokkas
  10 ball pythons
  4 frilled lizards
  5 goblins
  6 kobolds
  3 rats
134 creatures vanquished.

Notes
Turn   | Place    | Note
-------+----------+-------------------------------------------
     0 | D:1      | ryw the Demonspawn Monk began the quest for the Orb.
     0 | D:1      | Reached XP level 1. HP: 18/18 MP: 1/1
   272 | D:1      | Found Honais's Vocational Training.
   292 | D:1      | Gained mutation: You may rarely emit foul miasma when
                  | damaged in melee. [demonic ancestry]
   292 | D:1      | Reached XP level 2. HP: 15/24 MP: 2/2
  1136 | D:2      | Reached skill level 4 in Fighting
  1136 | D:2      | Gained mutation: You sometimes emit foul miasma when
                  | damaged in melee. [demonic ancestry]
  1136 | D:2      | Reached XP level 3. HP: 17/30 MP: 3/3
  1250 | D:2      | Noticed Robin
  1266 | D:2      | Killed Robin
  1399 | D:2      | Identified the +2 trident of the Thing {speed, rF+ rCorr
                  | SInv}
  1422 | D:2      | Identified the +8 giant club "Huiq" {drain, Dex+3}
  1548 | D:2      | Noticed Sigmund
  1588 | D:2      | Killed Sigmund
  1589 | D:2      | Reached skill level 5 in Fighting
  1589 | D:2      | Reached XP level 4. HP: 32/40 MP: 4/4
  1589 | D:2      | Gained mutation: You have a pair of small horns on your
                  | head. [demonic ancestry]
  1589 | D:2      | Reached XP level 5. HP: 37/46 MP: 5/5
  1941 | D:3      | Found a runed translucent door.
  1942 | D:3      | Noticed a human
  1945 | D:3      | Found a basalt altar of Yredelemnul.
  2035 | D:3      | Noticed Terence
  2050 | D:3      | Killed Terence
  2184 | D:3      | Gained mutation: When seriously injured, your blood forms
                  | armour. (AC +6) [demonic ancestry]
  2184 | D:3      | Reached XP level 6. HP: 52/52 MP: 6/6
  2206 | D:3      | HP: 1/52 [orc priest/nerve-wracking pain (13)]
  2208 | D:3      | Reached skill level 6 in Fighting
  3100 | D:4      | Learned a level 4 spell: Summon Lightning Spire
  3222 | D:4      | Reached skill level 1 in Spellcasting
  3222 | D:4      | Gained mutation: You sometimes gain a little power by
                  | taking damage. [demonic ancestry]
  3222 | D:4      | Reached XP level 7. HP: 41/59 MP: 6/8
  3283 | D:4      | Found Wetugequ's Antique Weapon Emporium.
  4052 | D:5      | Entered Level 5 of the Dungeon
  4140 | D:5      | Found Lafydd Qugye's Weapon Emporium.
  4148 | D:5      | Reached skill level 7 in Fighting
  4168 | D:5      | Reached XP level 8. HP: 52/67 MP: 12/12
  4217 | D:5      | Found Eggah's Weapon Shop.
  4223 | D:5      | Noticed a two-headed ogre
  4246 | D:4      | Killed a two-headed ogre
  4247 | D:4      | Reached skill level 8 in Fighting
  4247 | D:4      | Reached skill level 5 in Polearms
  4427 | D:5      | Found a faded altar of an unknown god.
  4439 | D:5      | Prayed at the altar of an unknown god.
  4439 | D:5      | Became a worshipper of Dithmenos the Shadowed
  4439 | D:5      | Reached * piety under Dithmenos
  4439 | D:5      | Reached ** piety under Dithmenos
  4529 | D:5      | Found Dotemeru's General Store.
  4547 | D:5      | Identified the amulet "Ziemuv" {Faith Contam +Inv rPois
                  | rN++}
  4589 | D:5      | Found a burning altar of Makhleb.
  4594 | D:5      | Found Ycsusac's Book Boutique.
  4597 | D:5      | Found Ucois's Distillery.
  4681 | D:5      | Found a hide-covered altar of Uskayaw.
  4719 | D:5      | Noticed a balrug
  4719 | D:5      | Noticed an angel
  4825 | D:6      | Gained mutation: You have a pair of horns on your head.
                  | [demonic ancestry]
  4825 | D:6      | Reached XP level 9. HP: 74/75 MP: 14/16
  4861 | D:6      | Noticed Edmund
  4869 | D:6      | Killed Edmund
  5028 | D:6      | Reached *** piety under Dithmenos
  5153 | D:6      | Reached skill level 1 in Summonings
  5153 | D:6      | Reached skill level 1 in Evocations
  5275 | D:6      | Reached skill level 5 in Spellcasting
  5307 | D:6      | Found a staircase to the Ecumenical Temple.
  5982 | D:7      | Reached skill level 9 in Fighting
  6073 | D:7      | Noticed Dowan
  6074 | D:7      | Noticed Duvessa
  6213 | D:8      | Noticed a two-headed ogre
  6217 | D:8      | HP: 2/76 [two-headed ogre/+0 giant club (17)]
  6223 | D:8      | Mangled by a two-headed ogre

Illustrated notes

Levels and vault maps discovered:
D:1:      nicolae_arrival_somewhat_less_tricky_arrival, layout_basic,
          nicolae_shop_vocational
D:2:      layout_loops_ring, uniq_robin, uniq_sigmund
D:3:      layout_loops_corners, dk_yredelemnul_ordeal, minmay_snake_closets,
          uniq_terence
D:4:      layout_rooms, serial_shops, shop
D:5:      layout_cave_pools, grunt_temple_overflow_order_and_chaos_2,
          nicolae_overflow_crystal_walls, serial_column_ruins,
          column_ruins_square_huge, column_ruins_temple_hall,
          column_ruins_grid_1, column_ruins_corridor_straight,
          column_ruins_open_tiny, column_ruins_open_small, serial_shops, shop,
          nicolae_shop_behind_doors, shop_fountains, shop, shop
D:6:      layout_loops_ring, minmay_temple_entry_nine_rooms, uniq_edmund
D:7:      layout_cave_pools, uniq_pikel, uniq_duvessa
D:8:      layout_loops_ring, minmay_misc_feat_tiny

Skill      XL: |  1  2  3  4  5  6  7  8  9 |
---------------+----------------------------+-----
Fighting       | 4 5 6 7 8 9 |  9.2
Polearms       | 2 3 4 6 7 |  7.0
Spellcasting   | 1 2 4 5 |  5.7
Summonings     | 3 |  3.2
Evocations     | 3 |  3.2
Dodging        | |  2.6
Stealth        | |  1.7
Unarmed Combat | |  2.6

Action                   |  1- 3 |  4- 6 |  7- 9 || total
-------------------------+-------+-------+-------++-------
Melee: Unarmed           |   128 |       |       ||   128
       Punch             |     2 |     2 |     9 ||    13
       Trident           |    20 |   130 |   318 ||   468
       Headbutt          |       |    19 |    47 ||    66
  Use: Potion            |     2 |       |     1 ||     3
       Scroll            |       |       |    13 ||    13
 Stab: Sleeping          |     4 |     1 |       ||     5
Armor: Robe              |    26 |       |       ||    26
       Chain mail        |       |    23 |   116 ||   139
Dodge: Dodged            |   105 |    30 |   131 ||   266

Table legend: (Time is in decaauts)
 A = Elapsed time spent in this place.
 B = Non-inter-level travel time spent in this place.
 C = Inter-level travel time spent in this place.
 D = Time resting spent in this place.
 E = Time spent auto-exploring this place.
 F = Levels seen in this place.
 G = Mean time per level.
                   A        B        C        D        E       F      G
               +--------+--------+--------+--------+--------+-----+--------+
         Total |   6083 |   5870 |    213 |    743 |   4130 |   8 |  760.4 |
       Dungeon |   6083 |   5870 |    213 |    743 |   4130 |   8 |  760.4 |
               +--------+--------+--------+--------+--------+-----+--------+

Top non-repeatable levels by time:
     D:3: 1127 daAuts
     D:4: 1125 daAuts
     D:1: 1094 daAuts
     D:6: 1081 daAuts
     D:2: 828 daAuts
     D:5: 554 daAuts
     D:7: 147 daAuts
     D:8: 124 daAuts
